 Dungeon Crawl Stone Soup version 0.31-a0-200-gbc41564c69 (webtiles) character file.

Game seed: 16551517604004514211

16 qw the Shooter (level 2, -2/16 HPs)
             Began as a Deep Elf Hunter on June 25, 2023.
             Succumbed to a kobold's poison
             ... on level 1 of the Dungeon.
             The game lasted 00:00:07 (293 turns).

qw the Shooter (Deep Elf Hunter)                     Turns: 293, Time: 00:00:08

Health: -2/16      AC:  3    Str:  8    XL:     2   Next: 41%
Magic:  4/4        EV: 12    Int: 13    God:
Gold:   20         SH:  0    Dex: 18    Spells: 1/1 levels left

rFire   . . .        a - +0 shortbow
rCold   . . .        (shield currently unavailable)
rNeg    . . .        c - +0 leather armour
rPois   .            (no helmet)
rElec   .            (no cloak)
rCorr   .            (no gloves)
SInv    .            (no boots)
Will    .....        (no amulet)
Stlth   ++           (no ring)
HPRegen 0.22/turn    (no ring)
MPRegen 0.09/turn

%: no passive effects
@: lethally poisoned (-2 -> -15)
A: no striking features
a: no special abilities


You were on level 1 of the Dungeon.
You visited 1 branch of the dungeon, and saw 1 of its levels.

You collected 20 gold pieces.


   Skills:
 - Level 1.5 Fighting
 + Level 6.2 Ranged Weapons
 - Level 2.4 Dodging
 - Level 1.2 Stealth


You had one spell level left.
You didn't know any spells.
Your spell library was empty.

Inventory:

Hand Weapons
 a - a +0 shortbow (weapon)
Armour
 c - a +0 leather armour (worn)
Scrolls
 b - a scroll of butterflies

Dungeon Overview and Level Annotations

Branches:
Dungeon (1/15)

Altars:


Message History

You shoot an arrow.
The arrow hits the giant cockroach but does no damage.
The giant cockroach is almost dead.
You shoot an arrow. The arrow hits the giant cockroach.
You kill the giant cockroach!
A kobold comes into view. It is wielding a +0 dagger.
Enter note:
Enter note: You shoot an arrow.
The arrow closely misses the kobold.
You shoot an arrow. The arrow hits the kobold.
You kill the kobold!
Things that are here:
a +0 dagger; a kobold corpse A kobold comes into view.
It is wielding a +0 club.
You see here 13 gold pieces.
Enter note:
Enter note: You shoot an arrow.
The arrow hits the kobold!
You kill the kobold!
You now have 20 gold pieces (gained 13).
Things that are here:
a +0 club; a stone A kobold comes into view.
It is wielding a +2 short sword of venom.
The kobold shouts!
Enter note:
Enter note: You shoot an arrow.
The arrow barely misses the kobold.
You shoot an arrow. The arrow hits the kobold.
The kobold is severely wounded.
The kobold hits you with a +2 short sword of venom.
You are poisoned.
You shoot an arrow. The arrow closely misses the kobold.
You feel very sick.
The kobold hits you with a +2 short sword of venom.
You are lethally poisoned!
You shoot an arrow. The arrow barely misses the kobold.
You feel very sick.
The kobold hits you with a +2 short sword of venom.
You shoot an arrow. The arrow closely misses the kobold.
You die...

#.# #.#
#.# #.#
#.# #.#
#.#####.#
#...K.#.#
#@#.#
#.#>#
#.#.#
#.#.#
####.#.#
#...)#.#
#.####.#
#.# #.#
#.# #.#


You could see a kobold.

Vanquished Creatures
  A dart slug (D:1)
  2 ball pythons (D:1)
  A giant cockroach (D:1)
  A goblin (D:1)
  2 hobgoblins (D:1)
  2 quokkas (D:1)
  3 kobolds (D:1)
12 creatures vanquished.

Notes
Turn   | Place    | Note
-------+----------+-------------------------------------------
     0 | D:1      | qw the Deep Elf Hunter began the quest for the Orb.
     0 | D:1      | Reached XP level 1. HP: 12/12 MP: 3/3
     0 | D:1      | 0 ||| qw: Version: 0.3-a-22-g0ed2b0b
     0 | D:1      | 0 ||| qw: Game counter: 5666
     0 | D:1      | 0 ||| qw: Melee chars always use a shield: true
     0 | D:1      | 0 ||| qw: God list: Okawaru
     0 | D:1      | 0 ||| qw: Allow faded altars: false
     0 | D:1      | 0 ||| qw: Do Orc after clearing Dungeon:15 true
     0 | D:1      | 0 ||| qw: Do second Lair branch before Depths: true
     0 | D:1      | 0 ||| qw: Lair rune preference: random
     0 | D:1      | 0 ||| qw: Goals: Normal
     0 | D:1      | 0 ||| PLANNING D:1-11
   140 | D:1      | Reached skill level 6 in Ranged Weapons
   140 | D:1      | Reached XP level 2. HP: 16/16 MP: 4/4
   292 | D:1      | HP: 4/16 [poisoned by a kobold]
   292 | D:1      | HP: 1/16 [kobold/+2 short sword of venom (3)]
   293 | D:1      | Succumbed to a kobold's poison

Levels and vault maps discovered:
D:1:      dpeg_arrival_tiny_b, layout_basic, chequers_arboretum,
          minmay_tromino_v4_b

Skill      XL: |  1 |
---------------+----+-----
Ranged Weapons | 6 |  6.2
Fighting       | |  1.5
Dodging        | |  2.4
Stealth        | |  1.2

Action                     || total
---------------------------++-------
   Fire: Shortbow          ||    34
  Dodge: Dodged            ||     1

Table legend:
 A = Non-vault XP
 B = Vault XP
 C = Vault XP percentage of total XP
 D = Non-vault monster count
 E = Vault monster count
 F = Vault count percentage of total count
                 A         B        C        D         E       F
            +---------+---------+-------+---------+---------+-------
      Total |      24 |       0 |   0.0 |      12 |       0 |   0.0
            +---------+---------+-------+---------+---------+-------
        D:1 |      24 |       0 |   0.0 |      12 |       0 |   0.0
            +---------+---------+-------+---------+---------+-------
